 Dungeon Crawl Stone Soup version 0.16-a0-3308-g116f5c4 (webtiles) character file.

2990 Kemay the Martial Artist (level 9, -12/63 HPs)
             Began as an Octopode Monk on Dec 26, 2014.
             Was a Believer of Sif Muna.
             Killed from afar by Erolcha (24 damage)
             ... with a wand of lightning
             ... on level 8 of the Dungeon.
             The game lasted 00:29:26 (7638 turns).

Kemay the Martial Artist (Octopode Monk)            Turns: 7638, Time: 00:29:26

Health: -12/63     AC:  4    Str: 11    XL:     9   Next: 83%
Magic:  9/9        EV: 17    Int: 15    God:    Sif Muna [**....]
Gold:   470        SH:  0    Dex: 14    Spells: 1 memorised, 5 levels left

rFire  . . .     SeeInvis .     a - +2 falchion (holy)
rCold  . . .     Clarity  .     (no shield)
rNeg   . . .     SustAb   .     (helmet restricted)
rPois  .         Gourm    .     (no amulet)
rElec  .         Spirit   .     d - +3 ring of protection
rCorr  .         Warding  .     c - ring of fire
rMut   .         Stasis   .     A - ring of ice
MR     .....                    (no ring)
Stlth  ++++......               (no ring)
                                (no ring)
                                (no ring)
                                (no ring)

@: about to teleport, not resistant to hostile enchantments, stealthy
A: almost no armour, amphibious, 8 rings, constrict 8, camouflage 1, robust 1,
gelatinous body 1
a: Channel Energy, Forget Spell, Renounce Religion


You were on level 8 of the Dungeon.
You worshipped Sif Muna.
Sif Muna was pleased with you.
You were not hungry.

You visited 2 branches of the dungeon, and saw 9 of its levels.

You collected 470 gold pieces.

Inventory:

Hand weapons
 a - a +2 falchion of holy wrath (weapon)
 z - a +0 blowgun
Missiles
 f - 6 curare-tipped needles
 m - 37 poisoned needles
 w - 2 javelins (quivered)
Jewellery
 c - a ring of fire (right tentacle)
 d - a +3 ring of protection (left tentacle)
 A - a ring of ice (on tentacle)
Magical devices
 k - a wand of lightning (2)
 p - a wand of cold (4)
Scrolls
 l - 2 scrolls of fear
 n - a scroll of fog
 q - 2 scrolls of enchant armour
 y - a scroll of amnesia
Potions
 g - a potion of haste
 h - a potion of brilliance
 i - 4 potions of curing
 r - a potion of resistance
 s - a potion of restore abilities
 u - a potion of lignification
 v - a potion of agility
 B - a potion of berserk rage {unknown}
Books
 x - a book of Clouds

   Spells                             Type                      Level
   a - Mephitic Cloud                 Conjuration/Poison/Air       3
   b - Conjure Flame                  Conjuration/Fire             3
   c - Poisonous Cloud                Conjuration/Poison/Air       6
   d - Freezing Cloud                 Conjuration/Ice/Air          6
   e - Ring of Flames                 Charms/Fire                  7
Comestibles
 b - 6 bread rations
 e - 3 meat rations
 j - 4 chunks of flesh
 o - 3 beef jerkies


   Skills:
 + Level 3.8 Fighting
 + Level 9.4 Dodging
 - Level 5.0 Stealth
 + Level 10.0 Unarmed Combat


You had 5 spell levels left.
You knew the following spells:

 Your Spells              Type           Power        Failure   Level  Hunger
a - Mephitic Cloud        Conj/Pois/Air  #.......     80%         3    ####...


Dungeon Overview and Level Annotations

Branches:
Dungeon (8/15)             Temple (1/1) D:6            Lair (0/8) D:8

Altars:
Ashenzari
Cheibriados
Dithmenos
Elyvilon
Fedhas
Gozag
Kikubaaqudgha
Makhleb
Nemelex Xobeh
Okawaru
Qazlal
Ru
Sif Muna
Trog
Vehumet
Xom
Yredelemnul
Zin
The Shining One

Shops:
D:6 %

Annotations:
D:8 Erolcha


Innate Abilities, Weirdness & Mutations

You cannot wear most types of armour.
You are amphibious.
You can wear up to eight rings at the same time.
You can use your tentacles to constrict many enemies at once.
Your skin changes colour to match your surroundings (Stealth).
Your rubbery body absorbs attacks (AC +1).
You are robust (+10% HP).


Message History

Read which item? (? for menu, Esc to quit)
As you read the scroll of teleportation, it crumbles to dust.
You feel strangely unstable. The hill giant completely misses you.
You hit the hill giant but do no damage.
Your squeeze misses the hill giant.
The hill giant hits you with a giant club!!
You hit the hill giant but do no damage.
The hill giant barely misses you.
Your surroundings suddenly seem different.
Found 23 stones.
Erolcha the Cunning comes into view.
She is wielding a giant club.
Erolcha shouts!
Erolcha zaps a wand.
The bolt of lightning hits you!
* * * LOW HITPOINT WARNING * * *
It is a wand of lightning.
Read which item? (? for menu, Esc to quit)
As you read the scroll of teleportation, it crumbles to dust.
You feel strangely unstable.
Erolcha zaps a wand.
The bolt of lightning hits you!
You die...

...........##....P.PPPP
####.#########.....P...
#.# #.##....P. #C#
#....O... #.....#
###..# ## #.###.######
#..# #.%
........##..#### .. ###
#........# ..
####@.##.# . #..# .
#.... ..(##.# #### #


You could see Erolcha.

Vanquished Creatures
  Pikel (D:6)
  A sky beast (D:6)
  3 orc warriors (D:7)
  A slave (D:6)
  An ogre (D:4)
  2 centaurs
  Sigmund (D:3)
  A giant frog (D:7)
  A gnoll sergeant (D:3)
  A wyvern zombie (D:8)
  A jelly (D:7)
  4 scorpions
  2 crimson imps (D:5)
  A big kobold zombie (D:6)
  4 centaur zombies
  3 goliath beetles
  3 giant frog zombies (D:5)
  2 giant frog skeletons (D:5)
  A centaur skeleton (D:5)
  An orc priest (D:5)
  2 hounds (D:5)
  A quasit (D:7)
  5 orc wizards
  Natasha (twice) (D:6)
  3 iguanas (D:5)
  2 worker ants
  A human zombie (D:6)
  Ijyb (D:5)
  4 hound zombies (D:5)
  A hound skeleton (D:5)
  A worker ant zombie (D:5)
  6 gnolls
  7 adders
  A shadow imp (D:6)
  3 giant mites
  2 worms
  An adder zombie (D:5)
  An adder skeleton (D:5)
  8 giant geckos
  An ooze (D:1)
  16 orcs
  14 bats
  A bat skeleton (D:4)
  5 giant cockroaches
  7 hobgoblins
  13 jackals
  18 kobolds
  4 quokkas
  A giant gecko zombie (D:5)
  5 giant newts
  10 goblins
  A jackal zombie (D:5)
  2 quokka skeletons
  A quokka zombie (D:5)
  19 rats
  A fungus (D:8)
206 creatures vanquished.

Vanquished Creatures (others)
  Natasha (D:6)
  An orc (D:3)
  A hobgoblin (D:6)
  A kobold (D:6)
4 creatures vanquished.

Grand Total: 210 creatures vanquished

Notes
Turn   | Place    | Note
--------------------------------------------------------------
     0 | D:1      | Kemay, the Octopode Monk, began the quest for the Orb.
     0 | D:1      | Reached XP level 1. HP: 16/16 MP: 1/1
   298 | D:1      | Reached XP level 2. HP: 18/21 MP: 2/2
   659 | D:1      | Gained mutation: You are robust (+10% HP). [potion of beneficial mutation]
   858 | D:1      | Reached XP level 3. HP: 28/28 MP: 3/3
  1301 | D:2      | Found a blossoming altar of Fedhas.
  1578 | D:2      | Reached XP level 4. HP: 34/34 MP: 4/4
  1674 | D:3      | Noticed a gnoll sergeant
  1803 | D:3      | Noticed Sigmund
  1935 | D:3      | Reached skill level 5 in Unarmed Combat
  1945 | D:3      | Killed a gnoll sergeant
  1945 | D:3      | Reached XP level 5. HP: 20/39 MP: 5/5
  2282 | D:3      | Reached XP level 6. HP: 42/46 MP: 6/6
  2452 | D:4      | Reached skill level 5 in Dodging
  2452 | D:4      | Reached skill level 6 in Unarmed Combat
  2689 | D:4      | Reached XP level 7. HP: 39/50 MP: 7/7
  3243 | D:5      | Entered Level 5 of the Dungeon
  3566 | D:5      | Reached skill level 5 in Stealth
  3574 | D:5      | Reached skill level 7 in Unarmed Combat
  3894 | D:5      | Reached XP level 8. HP: 43/57 MP: 8/8
  4138 | D:5      | Noticed Ijyb
  4144 | D:5      | Killed Ijyb
  4354 | D:5      | Reached skill level 8 in Unarmed Combat
  4886 | D:3      | Killed Sigmund
  5417 | D:6      | Found a bloodstained altar of Trog.
  5575 | D:6      | Noticed Pikel
  5589 | D:6      | Killed Pikel
  5589 | D:6      | Reached skill level 9 in Unarmed Combat
  5589 | D:6      | Reached XP level 9. HP: 55/61 MP: 9/9
  5663 | D:6      | Noticed Natasha
  5666 | D:6      | Killed Natasha
  5732 | D:6      | Found Keagulaa's Food Shoppe.
  5815 | D:6      | Found a staircase to the Ecumenical Temple.
  5830 | Temple   | Entered the Ecumenical Temple
  5968 | D:6      | Killed Natasha
  6118 | D:6      | Found a snail-covered altar of Cheibriados.
  6731 | D:7      | Learned a level 3 spell: Mephitic Cloud
  6812 | D:6      | Noticed Natasha
  6817 | D:6      | Killed Natasha
  6862 | Temple   | Became a worshipper of Sif Muna the Loreminder
  6862 | Temple   | Acquired Sif Muna's first power
  6862 | Temple   | Acquired Sif Muna's second power
  7139 | D:7      | Reached skill level 10 in Unarmed Combat
  7520 | D:8      | Found a staircase to the Lair.
  7628 | D:8      | Noticed a hill giant
  7637 | D:8      | Noticed Erolcha
  7638 | D:8      | Killed from afar by Erolcha

Action                   |  1- 3 |  4- 6 |  7- 9 || total
-------------------------+-------+-------+-------++-------
Melee: Unarmed           |    86 |    85 |   287 ||   458
       Falchion          |       |       |    57 ||    57
 Fire: Blowgun           |       |       |     8 ||     8
Throw: Javelin           |       |    30 |    37 ||    67
Evoke: Wand              |       |       |    13 ||    13
  Use: Potion            |     3 |       |     1 ||     4
       Scroll            |     6 |     5 |    12 ||    23
 Stab: Sleeping          |     8 |     8 |    15 ||    31
       Distracted        |     1 |     1 |       ||     2
  Eat: Chunk             |     2 |       |     9 ||    11
       Bread ration      |       |     1 |       ||     1
       Pizza             |       |       |     1 ||     1
       Meat ration       |       |       |     1 ||     1
